 Dungeon Crawl Stone Soup version 0.21.1-1-g345015f (webtiles) character file.

3010 Flooderbenga the Reanimator (level 9, -3/66 HPs)
             Began as a Gnoll Necromancer on Apr 9, 2018.
             Was an Initiate of Cheibriados (penitent).
             Slain by an ettin (shapeshifter) (38 damage)
             ... on level 8 of the Dungeon.
             The game lasted 01:18:45 (1968 turns).

Flooderbenga the Reanimator (Gnoll Necromancer)     Turns: 1968, Time: 01:18:45

Health: -3/66      AC:  3    Str: 11    XL:     9   Next: 84%
Magic:  1/19       EV: 17    Int: 20    God:    Cheibriados [*]
Gold:   48         SH:  0    Dex: 19    Spells: 7/21 levels left

rFire    . . .     SeeInvis .   v - +2 war axe (flame)
rCold    . . .     Gourm    .   (no shield)
rNeg     . . .     Faith    .   y - +1 robe "Luiclecy" {Dex+3}
rPois    .         Spirit   .   (no helmet)
rElec    .         Reflect  .   (no cloak)
rCorr    .         Harm     .   (no gloves)
MR       .....                  (no boots)
Stlth    ++++......             (no amulet)
HPRegen  0.21/turn              e - ring of wizardry
MPRegen  0.16/turn              (no ring)

@: hasted, very quick
A: distributed training, fangs 1, strong nose
a: Renounce Religion


You were on level 8 of the Dungeon.
You worshipped Cheibriados.
Cheibriados was demanding penance.
You were hungry.

You visited 1 branch of the dungeon, and saw 9 of its levels.
You also visited: Sewer.

You collected 183 gold pieces.
You spent 135 gold pieces at shops.

Inventory:

Hand Weapons
 f - a +0 dagger
 s - a +1 short sword of distortion
 v - a +2 war axe of flaming (weapon)
 z - a +0 falchion
Missiles
 h - 12 poisoned needles
 A - 6 javelins (quivered)
 B - 48 stones
 E - 3 needles of sleeping
Armour
 y - the +1 robe "Luiclecy" (worn) {Dex+3}
   (You found it on level 6 of the Dungeon)

   It affects your dexterity (+3).
Jewellery
 e - a ring of wizardry (left hand)
Wands
 p - a wand of scattershot (5)
Scrolls
 a - a scroll of remove curse {@r2}
 g - a scroll of enchant weapon
 r - a scroll of identify {@r1}
 x - a scroll of magic mapping
Potions
 d - 3 potions of agility {@q5}
 i - a potion of haste {@q3}
 j - a potion of might {@q4}
 k - a potion of magic
 l - 5 potions of curing {unknown}
 m - a potion of resistance
 n - a potion of cancellation
 o - 2 potions of heal wounds {@q2}
 q - a potion of ambrosia
 t - a potion of flight
 u - a potion of lignification
 w - a potion of brilliance
Books
 b - a book of Necromancy

   Spells                             Type                      Level
   a - Pain                           Necromancy                   1
   b - Animate Skeleton               Necromancy                   1
   c - Vampiric Draining              Necromancy                   3
   d - Regeneration                   Charms/Necromancy            3
   e - Animate Dead                   Necromancy                   4
   f - Borgnjor's Vile Clutch         Necromancy/Earth             5
 D - a book of Flames

   Spells                             Type                      Level
   a - Flame Tongue                   Conjuration/Fire             1
   b - Throw Flame                    Conjuration/Fire             2
   c - Conjure Flame                  Conjuration/Fire             3
   d - Inner Flame                    Hexes/Fire                   3
   e - Sticky Flame                   Conjuration/Fire             4
   f - Fireball                       Conjuration/Fire             5
Comestibles
 c - 4 rations


   Skills:
 + Level 4.5 Fighting
 + Level 4.5 Short Blades
 + Level 4.5 Long Blades
 + Level 4.5 Axes
 + Level 4.5 Maces & Flails
 + Level 4.5 Polearms
 + Level 4.5 Staves
 + Level 4.5 Slings
 + Level 4.5 Bows
 + Level 4.5 Crossbows
 + Level 4.5 Throwing
 + Level 4.5 Armour
 + Level 6.5 Dodging
 + Level 6.2 Stealth
 + Level 4.5 Shields
 + Level 4.5 Unarmed Combat
 + Level 6.8 Spellcasting
 + Level 3.7 Conjurations
 + Level 3.7 Hexes
 + Level 3.7 Charms
 + Level 3.7 Summonings
 + Level 8.1 Necromancy
 + Level 3.7 Translocations
 + Level 3.7 Transmutations
 + Level 3.7 Fire Magic
 + Level 3.7 Ice Magic
 + Level 3.7 Air Magic
 + Level 3.7 Earth Magic
 + Level 3.7 Poison Magic
 + Level 5.0 Invocations
 + Level 4.5 Evocations


You had 7 spell levels left.
You knew the following spells:

 Your Spells              Type           Power        Failure   Level  Hunger
a - Pain                  Necr           ####         1%          1    None
b - Animate Dead          Necr           N/A          1%          4    ###....
c - Borgnjor's Vile Clut  Necr/Erth      ####......   9%          5    #####..
r - Regeneration          Chrm/Necr      ####......   1%          3    #......
z - Animate Skeleton      Necr           N/A          1%          1    None


Dungeon Overview and Level Annotations

Branches:
Dungeon (9/15)
 Temple: D:4-7         Lair: D:8-11         Orc: D:9-12

Altars:
Ashenzari
Cheibriados
Dithmenos
Gozag
Sif Muna
Trog
Zin

Shops:
D:5 (   D:6 %*([*=

Annotations:
D:3 1 exclusion, Grinder


Innate Abilities, Weirdness & Mutations

Your experience applies equally to all skills.
You have very sharp teeth.
Your uncanny sense of smell can sniff out nearby items.


Message History

You take 16 damage, and have 35/66 hp.
MASSIVE DAMAGE!!
You now have 1/19 mp.
Here: an ettin The floor.
Unknown command.
Unknown command.
You don't have enough magic to cast that spell.
Unknown command.
Unknown command.
Okay, then.
Okay, then.
Unknown command.
Okay, then.
You feel yourself speed up.
Cheibriados thinks you should slow down.
You feel extremely guilty. "You will pay for your transgression, mortal!"
The zombie hands constrict the wyvern!
The wyvern completely misses you. The ettin misses you. The ettin hits you!!!
Ouch! That really hurt!
You die...

#######.......
#####... #.## ##
#.#. ..# #.#. ..#
#.#. ...# #.#.
..##########...###
#.#
......l@C.........
...
......####.######
. ≈≈≈..
#.######### ...
≈≈≈.
#.#.......##...
≈..
#.+...D...'.... ..
###.......###. #
######..# # ##.#
.. ######.###..


You could see an ettin and a wyvern.

Vanquished Creatures
  2 two-headed ogres (D:8)
  2 yaks (D:9)
  A wyvern (D:8)
  2 ice beasts
  A necrophage (D:6)
  2 phantoms
  A wyvern zombie (D:8)
  A scorpion (D:6)
  A killer bee (D:8)
  4 wights (D:6)
  A howler monkey (D:6)
  2 crimson imps
  2 hounds
  A worker ant (D:6)
  2 iguanas
  A gnoll (D:5)
  2 adders (D:4)
  2 river rats (Sewer)
  A shadow imp (D:9)
  An adder skeleton (D:6)
  A worm (D:5)
  3 dart slugs
  A leopard gecko (D:6)
  An orc (D:8)
  3 bats
  6 giant cockroaches
  2 goblins
  5 jackals
  2 quokkas
  A ball python (D:2)
  A frilled lizard (D:1)
  4 kobolds
  5 rats
67 creatures vanquished.

Vanquished Creatures (collateral kills)
  2 yaks
  A big kobold (Sewer)
  A wight (D:8)
  An adder (D:5)
  A worm (D:5)
  A quokka zombie (D:5)
7 creatures vanquished.

Grand Total: 74 creatures vanquished

Notes
Turn   | Place    | Note
-------+----------+-------------------------------------------
     0 | D:1      | Flooderbenga the Gnoll Necromancer began the quest for the Orb.
     0 | D:1      | Reached XP level 1. HP: 13/13 MP: 6/6
    26 | D:2      | Learned a level 1 spell: Animate Skeleton
   105 | D:4      | Noticed an orc wizard
   105 | D:4      | Noticed an orc wizard
   134 | D:3      | Noticed Grinder
   203 | D:2      | Reached XP level 2. HP: 19/19 MP: 5/7
   313 | D:2      | Found a deep blue altar of Sif Muna.
   461 | D:3      | Reached XP level 3. HP: 18/25 MP: 5/9
   466 | D:3      | Reached skill level 5 in Spellcasting
   484 | D:3      | Found a shattered altar of Ashenzari.
   520 | D:3      | Learned a level 3 spell: Regeneration
   594 | D:4      | Reached skill level 1 in Invocations
   612 | D:4      | Noticed a scorpion
   618 | D:5      | Entered Level 5 of the Dungeon
   634 | D:5      | Reached skill level 1 in Fighting
   634 | D:5      | Reached skill level 1 in Short Blades
   634 | D:5      | Reached skill level 1 in Long Blades
   634 | D:5      | Reached skill level 1 in Axes
   634 | D:5      | Reached skill level 1 in Maces & Flails
   634 | D:5      | Reached skill level 1 in Polearms
   634 | D:5      | Reached skill level 1 in Staves
   634 | D:5      | Reached skill level 1 in Slings
   634 | D:5      | Reached skill level 1 in Bows
   634 | D:5      | Reached skill level 1 in Crossbows
   634 | D:5      | Reached skill level 1 in Throwing
   634 | D:5      | Reached skill level 1 in Armour
   634 | D:5      | Reached skill level 1 in Shields
   634 | D:5      | Reached skill level 1 in Unarmed Combat
   634 | D:5      | Reached skill level 1 in Evocations
   634 | D:5      | Reached XP level 4. HP: 11/32 MP: 0/11
   748 | D:5      | Reached skill level 1 in Conjurations
   748 | D:5      | Reached skill level 1 in Hexes
   748 | D:5      | Reached skill level 1 in Charms
   748 | D:5      | Reached skill level 1 in Summonings
   748 | D:5      | Reached skill level 1 in Translocations
   748 | D:5      | Reached skill level 1 in Transmutations
   748 | D:5      | Reached skill level 1 in Fire Magic
   748 | D:5      | Reached skill level 1 in Ice Magic
   748 | D:5      | Reached skill level 1 in Air Magic
   748 | D:5      | Reached skill level 1 in Earth Magic
   748 | D:5      | Reached skill level 1 in Poison Magic
   773 | D:5      | Reached XP level 5. HP: 18/37 MP: 1/12
   780 | D:5      | Learned a level 5 spell: Borgnjor's Vile Clutch
   788 | D:5      | Found Hiuwkead's Weapon Boutique.
   841 | D:6      | Found Siwkub's Antique Weapon Shop.
   898 | D:5      | Found a bloodstained altar of Trog.
   934 | D:5      | Found a glowing drain.
   948 | D:5      | Learned a level 4 spell: Animate Dead
   950 | Sewer    | Entered a sewer
   995 | Sewer    | Noticed a big kobold
  1006 | Sewer    | Killed a big kobold
  1006 | Sewer    | Reached XP level 6. HP: 33/44 MP: 0/13
  1024 | Sewer    | Found a glowing silver altar of Zin.
  1144 | D:6      | Found Xacloow's Jewellery Emporium.
  1173 | D:6      | Found Bor Ises's General Store.
  1182 | D:6      | Bought a scroll of remove curse for 45 gold pieces
  1182 | D:6      | Bought a scroll of identify for 30 gold pieces
  1182 | D:6      | Bought a potion of brilliance for 60 gold pieces
  1199 | D:6      | Reached skill level 5 in Dodging
  1231 | D:6      | Noticed an ice beast
  1235 | D:6      | Killed an ice beast
  1235 | D:6      | Reached XP level 7. HP: 49/50 MP: 9/15
  1238 | D:6      | Got a distressingly furry robe
  1249 | D:6      | Identified the +1 robe "Luiclecy" {Dex+3} (You found it on level 6 of the Dungeon)
  1252 | D:6      | Found Zulef's Armour Shoppe.
  1345 | D:6      | Found Heyziuts's Food Emporium.
  1351 | D:6      | Found Zin's Purification Station.
  1362 | D:6      | Found a glowing silver altar of Zin.
  1396 | D:6      | Reached skill level 5 in Stealth
  1444 | D:7      | Found a shadowy altar of Dithmenos.
  1484 | D:7      | Reached XP level 8. HP: 52/57 MP: 13/16
  1509 | D:7      | Found a snail-covered altar of Cheibriados.
  1514 | D:7      | Became a worshipper of Cheibriados the Contemplative
  1517 | D:7      | Found an opulent altar of Gozag.
  1657 | D:8      | Noticed a two-headed ogre
  1665 | D:8      | Killed a two-headed ogre
  1665 | D:8      | Reached XP level 9. HP: 57/65 MP: 0/18
  1698 | D:8      | HP: 3/65 [wyvern (14)]
  1795 | D:9      | Noticed a two-headed ogre
  1804 | D:8      | Noticed a deep elf mage
  1809 | D:8      | Noticed a two-headed ogre
  1813 | D:8      | Reached skill level 8 in Necromancy
  1910 | D:8      | Killed a two-headed ogre
  1910 | D:8      | Reached skill level 5 in Invocations
  1949 | D:8      | Noticed an eight-headed hydra
  1966 | D:8      | Noticed an ettin
  1968 | D:8      | Was placed under penance by Cheibriados
  1968 | D:8      | Slain by an ettin (shapeshifter)

Skill      XL: |  1  2  3  4  5  6  7  8  9 |
---------------+----------------------------+-----
Spellcasting   | 5 6 |  6.8
Invocations    | 1 2 3 4 5 |  5.0
Fighting       | 1 2 3 4 |  4.5
Short Blades   | 1 2 3 4 |  4.5
Long Blades    | 1 2 3 4 |  4.5
Axes           | 1 2 3 4 |  4.5
Maces & Flails | 1 2 3 4 |  4.5
Polearms       | 1 2 3 4 |  4.5
Staves         | 1 2 3 4 |  4.5
Slings         | 1 2 3 4 |  4.5
Bows           | 1 2 3 4 |  4.5
Crossbows      | 1 2 3 4 |  4.5
Throwing       | 1 2 3 4 |  4.5
Armour         | 1 2 3 4 |  4.5
Shields        | 1 2 3 4 |  4.5
Unarmed Combat | 1 2 3 4 |  4.5
Evocations     | 1 2 3 4 |  4.5
Conjurations   | 1 2 3 |  3.7
Hexes          | 1 2 3 |  3.7
Charms         | 1 2 3 |  3.7
Summonings     | 1 2 3 |  3.7
Translocations | 1 2 3 |  3.7
Transmutations | 1 2 3 |  3.7
Fire Magic     | 1 2 3 |  3.7
Ice Magic      | 1 2 3 |  3.7
Air Magic      | 1 2 3 |  3.7
Earth Magic    | 1 2 3 |  3.7
Poison Magic   | 1 2 3 |  3.7
Dodging        | 5 6 |  6.5
Stealth        | 5 6 |  6.2
Necromancy     | 8 |  8.1

Action                   |  1- 3 |  4- 6 |  7- 9 || total
-------------------------+-------+-------+-------++-------
Melee: Dagger            |     5 |    16 |     4 ||    25
       Unarmed           |     3 |       |       ||     3
       War axe           |       |       |    39 ||    39
       Bite              |       |       |     8 ||     8
       Punch             |       |       |     2 ||     2
Throw: Javelin           |       |       |     1 ||     1
       Stone             |       |       |     1 ||     1
 Cast: Pain              |    44 |    17 |    13 ||    74
       Animate Skeleton  |     3 |     6 |     5 ||    14
       Regeneration      |     1 |     1 |     5 ||     7
       Borgnjor's Vile C |       |     4 |    14 ||    18
Evoke: Wand              |       |    13 |    10 ||    23
  Use: Scroll            |     6 |     3 |     7 ||    16
       Potion            |     2 |     1 |     3 ||     6
 Stab: Sleeping          |     5 |     4 |     4 ||    13
  Eat: Chunk             |       |     2 |     4 ||     6
       Ration            |       |       |     1 ||     1
Armor: Robe              |     5 |     3 |     4 ||    12
Dodge: Dodged            |    11 |    13 |    45 ||    69
